Harfangs vs Tamiflu
(R1)
Created - 19 avril 2015 at 22:31
Goals
|
| Harfangs |
2 |
2 |
0 |
1 |
5 |
| Tamiflu |
1 |
2 |
1 |
0 |
4 |
|
Shots
|
| Harfangs |
9 |
9 |
10 |
10 |
38 |
| Tamiflu |
8 |
21 |
15 |
6 |
50 |
|
1st period
1. Tamiflu , Nathan Oystrick 1 (Adam Henrique, Justin Braun) at 3:16
2. Harfangs , Craig Smith 1 (Victor Bartley) at 13:21
3. Harfangs , James Wisniewski 2 (Petri Kontiola, Chris Kreider) at 15:48 (PP)
Penalties :
Mike McKenna (Det) for Delaying the game (Minor) at 0:34 - Nathan Oystrick served the penalty, Nathan Oystrick (Det) for Hooking (Minor) at 5:32, Alexandre Picard (BEA) for Holding (Minor) at 11:15, Mike Duco (Det) for Tripping (Minor) at 15:40
2nd period
4. Tamiflu , Alex Picard 1 (Adam Henrique) at 1:38
5. Tamiflu , Casey Wellman 1 (Mattias Tedenby, Philip Samuelsson) at 5:27
6. Harfangs , Stefan Ruzicka 2 (Petri Kontiola) at 12:05
7. Harfangs , James Wisniewski 3 (Alexandre Picard, Peter Olvecky) at 19:45 (PP)
Penalties :
Rich Clune (Det) for Hooking (Minor) at 16:24, Garrett Wilson (Det) for Hooking (Minor) at 19:11
3rd period
8. Tamiflu , Philippe Dupuis 1 (Johan Fransson, Ben Hanowski) at 4:46
Penalties :
Drew Shore (BEA) for Tripping (Minor) at 1:53, Petri Kontiola (BEA) for Roughing (Minor) at 7:22, Mike Duco (Det) for Tripping (Minor) at 13:47
Overtime #1
9. Harfangs , Brett Carson 1 (Craig Smith, Michal Repik) at 16:18
Penalties :
Drew Shore (BEA) for Tripping (Minor) at 1:16, Jan Mursak (Det) for Holding (Minor) at 4:54, Michal Repik (BEA) for Interference (Minor) at 14:02, Nathan Oystrick (Det) for Holding (Minor) at 14:06
Goalie Stats
Robin Lehner (BEA), 46 saves from 50 shots - (0,920), W, 3-0-0, 76:18 minutes
Mike McKenna (Det), 33 saves from 38 shots - (0,868), OTL, 0-3-1, 76:18 minutes
Players Stats for Harfangs
Player Name G A P +/- PIM S H SB GA TA FO MP PP MP PK MP
------------------------------------------------------------------------------------
Alex Killorn 0 0 0 0 0 1 2 1 0 1 8/15 21:57 4:38 1:18
Alexandre Picard 0 1 1 -1 2 3 4 0 0 4 0/0 35:48 7:00 2:59
Brett Carson 1 0 1 2 0 3 0 2 0 1 0/0 27:26 3:41 3:53
Brian Lashoff 0 0 0 -1 0 4 1 3 0 1 0/0 16:27 0:00 3:57
Chris Kreider 0 1 1 1 0 2 3 3 0 0 1/1 29:30 5:30 3:17
Craig Smith 1 1 2 0 0 2 0 0 0 3 2/7 17:48 0:29 2:59
Drew Shore 0 0 0 -1 4 1 0 0 0 0 2/7 12:13 0:00 0:42
Dustin Jeffrey 0 0 0 -1 0 4 0 1 0 1 0/0 13:18 0:25 0:51
James Wisniewski 2 0 2 -2 0 5 4 2 0 2 0/0 37:12 7:00 4:08
Michal Repik 0 1 1 1 2 0 0 0 1 0 1/2 19:01 4:42 0:00
Mike Hoffman 0 0 0 -1 0 0 2 0 0 1 0/0 11:54 0:18 0:00
Peter Olvecky 0 1 1 1 0 4 6 1 1 0 1/3 23:57 4:46 2:57
Petri Kontiola 0 2 2 0 2 2 1 1 0 0 18/42 27:19 5:34 3:01
Roman Wick 0 0 0 -2 0 0 1 0 0 0 0/0 11:48 0:00 0:00
Sasha Pokulok 0 0 0 -1 0 1 1 1 0 3 0/0 13:40 0:00 0:56
Stefan Ruzicka 1 0 1 0 0 2 1 0 1 0 2/4 22:51 5:41 0:00
Tomas Tatar 0 0 0 -2 0 2 0 2 1 0 0/0 7:02 0:00 0:55
Victor Bartley 0 1 1 2 0 2 1 4 1 1 0/0 22:19 3:41 0:07
Players Stats for Tamiflu
Player Name G A P +/- PIM S H SB GA TA FO MP PP MP PK MP
------------------------------------------------------------------------------------
Adam Henrique 0 2 2 2 0 3 1 1 2 0 24/35 26:01 4:14 3:18
Alex Picard 1 0 1 0 0 6 0 0 1 0 5/12 29:16 3:52 5:49
Ben Hanowski 0 1 1 -1 0 5 0 0 0 0 0/0 11:09 0:32 0:04
Casey Wellman 1 0 1 1 0 2 0 2 1 0 7/10 14:46 0:00 1:43
Cody Goloubef 0 0 0 0 0 0 1 0 0 0 0/0 4:41 0:00 0:00
Colin Greening 0 0 0 0 0 1 0 0 0 1 6/15 17:40 3:36 0:13
Garrett Wilson 0 0 0 0 2 0 2 0 1 0 1/1 10:42 0:07 1:30
Jan Mursak 0 0 0 0 2 4 2 1 0 1 1/2 17:25 3:36 0:00
Johan Fransson 0 1 1 2 0 3 2 2 0 0 0/0 26:23 3:02 4:43
Jonathan Sigalet 0 0 0 -2 0 6 4 1 2 1 0/0 34:20 4:58 5:57
Jordan Hendry 0 0 0 2 0 2 0 1 1 0 0/0 26:16 3:02 4:43
Justin Braun 0 1 1 1 0 0 0 0 0 1 0/0 6:22 0:00 0:58
Kyle Lawson 0 0 0 -1 0 0 0 1 1 0 0/0 11:49 0:00 0:04
Mattias Tedenby 0 1 1 0 0 2 1 0 2 1 1/3 15:49 0:32 0:04
Mike Duco 0 0 0 1 4 1 2 0 3 0 0/0 21:55 3:36 2:52
Nathan Oystrick 1 0 1 -1 4 5 2 5 1 0 0/0 32:48 4:57 3:21
Petr Pohl 0 0 0 0 0 6 3 0 3 0 0/1 29:19 3:52 5:49
Philip Samuelsson 0 1 1 1 0 1 2 1 0 0 0/0 12:36 0:00 1:36
Philippe Dupuis 1 0 1 -1 0 2 1 0 0 0 1/2 7:34 0:03 0:00
Rich Clune 0 0 0 1 2 1 1 0 0 0 0/0 11:56 0:00 0:00
Stefan Elliott 0 0 0 0 0 0 0 0 0 0 0/0 0:00 0:00 0:00
Teemu Laakso 0 0 0 0 0 0 0 0 0 0 0/0 0:00 0:00 0:00
Teigan Zahn 0 0 0 0 0 0 0 0 0 0 0/0 0:00 0:00 0:00
3 Stars
1 - James Wisniewski (BEA)
2 - Adam Henrique (Det)
3 - Brett Carson (BEA)
Power Play
Harfangs - 2 on 8 Attempt(s) - 25,00%
Tamiflu - 0 on 5 Attempt(s) - 0,00%
Penalty Kill
Harfangs - 5 on 5 Attempt(s) - 100,00%
- Score 0 goal in Penalty Kill
Tamiflu - 6 on 8 Attempt(s) - 75,00%
- Score 0 goal in Penalty Kill
Team Stat
Harfangs - Hits : 27 - Faceoff Wins : 35 - Blocked Shots : 21 - Penalty Minutes : 10
Tamiflu - Hits : 24 - Faceoff Wins : 46 - Blocked Shots : 15 - Penalty Minutes : 14
Official
Referees : VanMassenhoven Don and Furlatt Eric
Linesman : Pierre Racicot and Mark Wheler
Game Notes
Tomas Tatar is injured at 15:18 of 2nd period (Sprained Left Knee)
Finance
Level 1 -- Attendance: 1555 (77,75%) -- Ticket Income 46 650 $
Level 2 -- Attendance: 806 (80,60%) -- Ticket Income 9 672 $
Total Attendance: 2361 (78,70%)
Total Ticket Income: 56 322 $
Other Income: 2 816 $
Total Income: 59 138 $
Harfangs
5 vs 5 Forward
Center Left Wing Right Wing Time % Phy DF OF
1 Petri Kontiola Chris Kreider Stefan Ruzicka 40 0 0 5
2 Alex Killorn Peter Olvecky Michal Repik 30 0 0 5
3 Craig Smith Tomas Tatar Roman Wick 20 0 0 5
4 Drew Shore Dustin Jeffrey Mike Hoffman 10 0 0 5
5 vs 5 Defense
Defense Defense Time % Phy DF OF
1 Alexandre Picard James Wisniewski 40 0 2 3
2 Brett Carson Victor Bartley 30 0 2 3
3 Sasha Pokulok Brian Lashoff 20 0 3 2
4 Alexandre Picard James Wisniewski 10 0 2 3
PowerPlay Forward
Center Left Wing Right Wing Time % Phy DF OF
1 Petri Kontiola Chris Kreider Stefan Ruzicka 60 0 0 5
2 Alex Killorn Peter Olvecky Michal Repik 40 0 0 5
PowerPlay Defense
Defense Defense Time % Phy DF OF
1 Alexandre Picard James Wisniewski 60 0 2 3
2 Brett Carson Victor Bartley 40 0 2 3
Penalty Kill 4 Players Forward
Center Wing Time % Phy DF OF
1 Petri Kontiola Tomas Tatar 60 0 5 0
2 Alex Killorn Peter Olvecky 40 0 5 0
Penalty Kill 4 Players Defense
Defense Defense Time % Phy DF OF
1 James Wisniewski Alexandre Picard 60 0 5 0
2 Brett Carson Brian Lashoff 40 0 5 0
Penalty Kill - 3 Players Forward
Forward Time % Phy DF OF
1 Petri Kontiola 60 0 5 0
2 Alex Killorn 40 0 5 0
Penalty Kill - 3 Players Defense
Defense Defense Time % Phy DF OF
1 James Wisniewski Alexandre Picard 60 0 5 0
2 Brett Carson Brian Lashoff 40 0 5 0
4 vs 4 Forward
Center Wing Time % Phy DF OF
1 Petri Kontiola Chris Kreider 60 0 0 5
2 Alex Killorn Stefan Ruzicka 40 0 0 5
4 vs 4 Defense
Defense Defense Time % Phy DF OF
1 Alexandre Picard James Wisniewski 60 0 2 3
2 Victor Bartley Brett Carson 40 0 3 2
Last Minutes Offensive
Center Left Wing Right Wing Defense Defense
Petri Kontiola Chris Kreider Stefan Ruzicka Alexandre Picard James Wisniewski
Last Minutes Defensive
Center Left Wing Right Wing Defense Defense
Petri Kontiola Chris Kreider Stefan Ruzicka James Wisniewski Alexandre Picard
Goaltenders
Starting : Robin Lehner
Backup : Darcy Kuemper
Extra Forwards
Normal : Alex Killorn, Chris Kreider, Petri Kontiola - PP : Chris Kreider, Petri Kontiola - PK : Petri Kontiola
Extra Defensemen
Normal : Brian Lashoff, James Wisniewski, Alexandre Picard - PP : Victor Bartley - PK : Brian Lashoff, Alexandre Picard
Penalty Shots
Petri Kontiola, Craig Smith, Chris Kreider, Peter Olvecky, Alexandre Picard
Tamiflu
5 vs 5 Forward
Center Left Wing Right Wing Time % Phy DF OF
1 Adam Henrique Alex Picard Petr Pohl 40 1 2 2
2 Colin Greening Jan Mursak Mike Duco 30 1 2 2
3 Casey Wellman Rich Clune Mattias Tedenby 20 1 2 2
4 Philippe Dupuis Garrett Wilson Ben Hanowski 10 1 2 2
5 vs 5 Defense
Defense Defense Time % Phy DF OF
1 Jonathan Sigalet Nathan Oystrick 40 1 2 2
2 Jordan Hendry Johan Fransson 30 1 2 2
3 Kyle Lawson Philip Samuelsson 20 1 2 2
4 Justin Braun Cody Goloubef 10 1 2 2
PowerPlay Forward
Center Left Wing Right Wing Time % Phy DF OF
1 Adam Henrique Alex Picard Petr Pohl 60 1 2 2
2 Colin Greening Jan Mursak Mike Duco 40 1 2 2
PowerPlay Defense
Defense Defense Time % Phy DF OF
1 Jonathan Sigalet Nathan Oystrick 60 1 2 2
2 Jordan Hendry Johan Fransson 40 1 2 2
Penalty Kill 4 Players Forward
Center Wing Time % Phy DF OF
1 Alex Picard Petr Pohl 60 1 2 2
2 Adam Henrique Mike Duco 40 1 2 2
Penalty Kill 4 Players Defense
Defense Defense Time % Phy DF OF
1 Jonathan Sigalet Nathan Oystrick 60 1 2 2
2 Jordan Hendry Johan Fransson 40 1 2 2
Penalty Kill - 3 Players Forward
Forward Time % Phy DF OF
1 Alex Picard 60 1 2 2
2 Petr Pohl 40 1 2 2
Penalty Kill - 3 Players Defense
Defense Defense Time % Phy DF OF
1 Jonathan Sigalet Nathan Oystrick 60 1 2 2
2 Jordan Hendry Johan Fransson 40 1 2 2
4 vs 4 Forward
Center Wing Time % Phy DF OF
1 Alex Picard Petr Pohl 60 1 2 2
2 Adam Henrique Mike Duco 40 1 2 2
4 vs 4 Defense
Defense Defense Time % Phy DF OF
1 Jonathan Sigalet Nathan Oystrick 60 1 2 2
2 Jordan Hendry Johan Fransson 40 1 2 2
Last Minutes Offensive
Center Left Wing Right Wing Defense Defense
Adam Henrique Alex Picard Petr Pohl Jonathan Sigalet Nathan Oystrick
Last Minutes Defensive
Center Left Wing Right Wing Defense Defense
Adam Henrique Alex Picard Petr Pohl Jonathan Sigalet Nathan Oystrick
Goaltenders
Starting : Mike McKenna
Backup : Thomas Greiss
Extra Forwards
Normal : Mattias Tedenby, Ben Hanowski, Casey Wellman - PP : Mattias Tedenby, Ben Hanowski - PK : Casey Wellman
Extra Defensemen
Normal : Kyle Lawson, Philip Samuelsson, Justin Braun - PP : Kyle Lawson - PK : Philip Samuelsson, Justin Braun
Penalty Shots
Alex Picard, Petr Pohl, Adam Henrique, Mike Duco, Mattias Tedenby
% Time on Ice - Harfangs
Lines # - Real PCT - Wanted PCT - Time Play
Normal Forward
1 - 34% - 40% - 18:44
2 - 28% - 30% - 15:38
3 - 21% - 20% - 11:26
4 - 18% - 10% - 9:54
Normal Defense
1 - 43% - 40% - 23:42
2 - 32% - 30% - 17:43
3 - 22% - 20% - 12:12
4 - 4% - 10% - 2:05
PP Forward
1 - 56% - 60% - 5:59
2 - 44% - 40% - 4:42
PP Defense
1 - 66% - 60% - 7:00
2 - 34% - 40% - 3:41
PK Forward
1 - 92% - 60% - 7:21
2 - 8% - 40% - 0:39
PK Defense
1 - 56% - 60% - 4:28
2 - 44% - 40% - 3:32
PK3 Forward
1 - 0% - 60%
2 - 0% - 40%
PK3 Defense
1 - 0% - 60%
2 - 0% - 40%
44 Forward
1 - 79% - 60% - 1:31
2 - 21% - 40% - 0:24
44 Defense
1 - 49% - 60% - 0:56
2 - 51% - 40% - 0:59
Last Minute Offensive - 0:00
Last Minute Defensive - 0:00
Total
Forward - 76:18
Defense - 76:18
|
% Time on Ice - Tamiflu
Lines # - Real PCT - Wanted PCT - Time Play
Normal Forward
1 - 37% - 40% - 20:39
2 - 29% - 30% - 16:12
3 - 21% - 20% - 11:46
4 - 13% - 10% - 7:05
Normal Defense
1 - 41% - 40% - 22:52
2 - 32% - 30% - 17:52
3 - 18% - 20% - 10:17
4 - 8% - 10% - 4:41
PP Forward
1 - 55% - 60% - 4:24
2 - 45% - 40% - 3:36
PP Defense
1 - 62% - 60% - 4:58
2 - 38% - 40% - 3:02
PK Forward
1 - 69% - 60% - 7:23
2 - 31% - 40% - 3:18
PK Defense
1 - 56% - 60% - 5:58
2 - 44% - 40% - 4:43
PK3 Forward
1 - 0% - 60%
2 - 0% - 40%
PK3 Defense
1 - 0% - 60%
2 - 0% - 40%
44 Forward
1 - 79% - 60% - 1:31
2 - 21% - 40% - 0:24
44 Defense
1 - 66% - 60% - 1:16
2 - 34% - 40% - 0:39
Last Minute Offensive - 0:00
Last Minute Defensive - 0:00
Total
Forward - 76:18
Defense - 76:18
|
Play by Play
1st period
0:01 of 1st period - Petri Kontiola wins face-off versus Adam Henrique in neutral zone.
0:18 of 1st period - Icing by Alex Picard.
0:19 of 1st period - Alex Killorn wins face-off versus Adam Henrique in Tamiflu zone.
0:26 of 1st period - Wrist shot by Peter Olvecky.
0:26 of 1st period - Shot Misses the Net.
0:32 of 1st period - Snap shot by Alex Killorn.
0:32 of 1st period - Shot Blocked by Nathan Oystrick.
0:34 of 1st period - Wrist shot by Brett Carson.
0:34 of 1st period - Stopped by Mike McKenna without a rebound.
0:34 of 1st period - Minor Penalty to Mike McKenna for Delaying the game.
0:35 of 1st period - Petri Kontiola wins face-off versus Alex Picard in Tamiflu zone.
2:34 of 1st period - Penalty to Nathan Oystrick is over, Nathan Oystrick is back on ice.
2:46 of 1st period - Backhand shot by Adam Henrique.
2:46 of 1st period - Shot Misses the Net.
3:16 of 1st period - Wrist shot by Nathan Oystrick.
3:16 of 1st period - Goal by Nathan Oystrick - Harfangs : 0 - Tamiflu : 1.
3:17 of 1st period - Casey Wellman wins face-off versus Petri Kontiola in neutral zone.
3:26 of 1st period - Snap shot by Mattias Tedenby.
3:26 of 1st period - Stopped by Robin Lehner without a rebound.
3:27 of 1st period - Casey Wellman wins face-off versus Petri Kontiola in Harfangs zone.
3:45 of 1st period - Off-side.
3:46 of 1st period - Adam Henrique wins face-off versus Peter Olvecky in neutral zone.
3:59 of 1st period - Snap shot by Alex Picard.
3:59 of 1st period - Stopped by Robin Lehner without a rebound.
4:00 of 1st period - Colin Greening wins face-off versus Petri Kontiola in Harfangs zone.
4:07 of 1st period - Petri Kontiola is hit by Jan Mursak and loses puck.
4:56 of 1st period - Wrist shot by Ben Hanowski.
4:56 of 1st period - Stopped by Robin Lehner without a rebound.
4:57 of 1st period - Stefan Ruzicka wins face-off versus Casey Wellman in Harfangs zone.
4:57 of 1st period - Stefan Ruzicka is hit by Rich Clune.
5:31 of 1st period - Slapshot by Alex Picard.
5:31 of 1st period - Deflect By Adam Henrique.
5:31 of 1st period - Shot Misses the Net.
5:31 of 1st period - Puck is out of play.
5:32 of 1st period - Adam Henrique wins face-off versus Peter Olvecky in Harfangs zone.
5:32 of 1st period - Minor Penalty to Nathan Oystrick for Hooking.
5:33 of 1st period - Alex Picard wins face-off versus Petri Kontiola in Tamiflu zone.
6:07 of 1st period - Petr Pohl is hit by Peter Olvecky and loses puck.
7:07 of 1st period - Icing by Petri Kontiola.
7:08 of 1st period - Alex Killorn wins face-off versus Alex Picard in Harfangs zone.
7:19 of 1st period - Mike Duco is hit by Stefan Ruzicka and loses puck.
7:32 of 1st period - Penalty to Nathan Oystrick is over, Nathan Oystrick is back on ice.
7:59 of 1st period - Icing by Jordan Hendry.
8:00 of 1st period - Drew Shore wins face-off versus Petr Pohl in Tamiflu zone.
8:15 of 1st period - Wrist shot by Alex Picard.
8:15 of 1st period - Shot Misses the Net.
8:17 of 1st period - Slapshot by Jordan Hendry.
8:17 of 1st period - Shot Blocked by Chris Kreider.
8:59 of 1st period - Wrist shot by Chris Kreider.
8:59 of 1st period - Shot Misses the Net.
9:07 of 1st period - Wrist shot by Alex Picard.
9:07 of 1st period - Shot Misses the Net.
9:09 of 1st period - Slapshot by Jordan Hendry.
9:09 of 1st period - Stopped by Robin Lehner with a rebound.
9:11 of 1st period - Slapshot by Jordan Hendry.
9:11 of 1st period - Shot Blocked by Chris Kreider.
9:13 of 1st period - Slapshot by Alex Picard.
9:13 of 1st period - Shot Misses the Net.
9:15 of 1st period - Slapshot by Johan Fransson.
9:15 of 1st period - Shot Misses the Net.
9:17 of 1st period - Snap shot by Petr Pohl.
9:17 of 1st period - Stopped by Robin Lehner without a rebound.
9:18 of 1st period - Alex Killorn wins face-off versus Colin Greening in Harfangs zone.
11:15 of 1st period - Minor Penalty to Alexandre Picard for Holding.
11:16 of 1st period - Petri Kontiola wins face-off versus Jan Mursak in Harfangs zone.
11:27 of 1st period - Petri Kontiola is hit by Mike Duco and loses puck.
11:56 of 1st period - Nathan Oystrick is hit by Peter Olvecky and loses puck.
12:57 of 1st period - Peter Olvecky is hit by Adam Henrique and loses puck.
13:15 of 1st period - Penalty to Alexandre Picard is over, Alexandre Picard is back on ice.
13:16 of 1st period - Alex Picard is hit by Chris Kreider and loses puck.
13:21 of 1st period - Snap shot by Craig Smith.
13:21 of 1st period - Goal by Craig Smith - Harfangs : 1 - Tamiflu : 1.
13:22 of 1st period - Alex Killorn wins face-off versus Casey Wellman in neutral zone.
14:12 of 1st period - Snap shot by Craig Smith.
14:12 of 1st period - Shot Blocked by Johan Fransson.
14:34 of 1st period - Victor Bartley is hit by Garrett Wilson.
14:37 of 1st period - Off-side.
14:38 of 1st period - Stefan Ruzicka wins face-off versus Adam Henrique in neutral zone.
14:45 of 1st period - Wrist shot by Petri Kontiola.
14:45 of 1st period - Shot Blocked by Nathan Oystrick.
14:47 of 1st period - Slapshot by James Wisniewski.
14:47 of 1st period - Stopped by Mike McKenna with a rebound.
14:49 of 1st period - Slapshot by Alexandre Picard.
14:49 of 1st period - Stopped by Mike McKenna with a rebound.
15:12 of 1st period - Snap shot by Jan Mursak.
15:12 of 1st period - Deflect By Mike Duco.
15:12 of 1st period - Shot Blocked by Brian Lashoff.
15:12 of 1st period - Puck is out of play.
15:13 of 1st period - Adam Henrique wins face-off versus Michal Repik in Harfangs zone.
15:26 of 1st period - James Wisniewski is hit by Philip Samuelsson and loses puck.
15:40 of 1st period - Minor Penalty to Mike Duco for Tripping.
15:41 of 1st period - Petri Kontiola wins face-off versus Alex Picard in Tamiflu zone.
15:42 of 1st period - Snap shot by Stefan Ruzicka.
15:42 of 1st period - Shot Blocked by Nathan Oystrick.
15:46 of 1st period - Wrist shot by Petri Kontiola.
15:46 of 1st period - Stopped by Mike McKenna with a rebound.
15:48 of 1st period - Slapshot by James Wisniewski.
15:48 of 1st period - Goal by James Wisniewski - Harfangs : 2 - Tamiflu : 1.
15:49 of 1st period - Chris Kreider wins face-off versus Colin Greening in neutral zone.
15:58 of 1st period - Slapshot by Jonathan Sigalet.
15:58 of 1st period - Stopped by Robin Lehner with a rebound.
16:14 of 1st period - Adam Henrique is hit by Peter Olvecky.
16:20 of 1st period - Snap shot by Peter Olvecky.
16:20 of 1st period - Stopped by Mike McKenna with a rebound.
16:22 of 1st period - Backhand shot by Brett Carson.
16:22 of 1st period - Shot Blocked by Jonathan Sigalet.
16:24 of 1st period - Backhand shot by Brett Carson.
16:24 of 1st period - Shot Misses the Net.
16:34 of 1st period - Brett Carson is hit by Jonathan Sigalet and loses puck.
17:14 of 1st period - Petri Kontiola is hit by Jan Mursak and loses puck.
17:21 of 1st period - Snap shot by Jan Mursak.
17:21 of 1st period - Stopped by Robin Lehner without a rebound.
17:22 of 1st period - Petri Kontiola wins face-off versus Adam Henrique in Harfangs zone.
17:47 of 1st period - Chris Kreider is hit by Mattias Tedenby and loses puck.
17:56 of 1st period - Backhand shot by Stefan Ruzicka.
17:56 of 1st period - Stopped by Mike McKenna with a rebound.
17:58 of 1st period - Slapshot by Victor Bartley.
17:58 of 1st period - Shot Misses the Net.
18:21 of 1st period - Icing by Peter Olvecky.
18:22 of 1st period - Adam Henrique wins face-off versus Alex Killorn in Harfangs zone.
18:52 of 1st period - Nathan Oystrick is hit by Roman Wick and loses puck.
19:17 of 1st period - Snap shot by Dustin Jeffrey.
19:17 of 1st period - Shot Blocked by Casey Wellman.
19:19 of 1st period - Backhand shot by Alexandre Picard.
19:19 of 1st period - Stopped by Mike McKenna with a rebound.
19:47 of 1st period - Slapshot by Nathan Oystrick.
19:47 of 1st period - Shot Misses the Net.
19:53 of 1st period - Snap shot by Adam Henrique.
19:53 of 1st period - Shot Blocked by Brian Lashoff.
Goals for this period are 2 for Harfangs vs 1 for Tamiflu.
Shots for this period are 9 for Harfangs vs 8 for Tamiflu.
2nd period
0:01 of 2nd period - Petri Kontiola wins face-off versus Adam Henrique in neutral zone.
0:48 of 2nd period - Tomas Tatar is hit by Johan Fransson and loses puck.
0:53 of 2nd period - Snap shot by Mattias Tedenby.
0:53 of 2nd period - Shot Misses the Net.
0:56 of 2nd period - Icing by Brian Lashoff.
0:57 of 2nd period - Adam Henrique wins face-off versus Craig Smith in Harfangs zone.
1:00 of 2nd period - Snap shot by Petr Pohl.
1:00 of 2nd period - Shot Hit the Post.
1:02 of 2nd period - Snap shot by Adam Henrique.
1:02 of 2nd period - Stopped by Robin Lehner with a rebound.
1:04 of 2nd period - Wrist shot by Petr Pohl.
1:04 of 2nd period - Shot Blocked by Tomas Tatar.
1:06 of 2nd period - Slapshot by Justin Braun.
1:06 of 2nd period - Shot Misses the Net.
1:10 of 2nd period - Backhand shot by Adam Henrique.
1:10 of 2nd period - Shot Misses the Net.
1:12 of 2nd period - Slapshot by Petr Pohl.
1:12 of 2nd period - Shot Blocked by Sasha Pokulok.
1:24 of 2nd period - Wrist shot by Casey Wellman.
1:24 of 2nd period - Deflect By Rich Clune.
1:24 of 2nd period - Shot Blocked by Petri Kontiola.
1:24 of 2nd period - Puck is out of play.
1:25 of 2nd period - Casey Wellman wins face-off versus Petri Kontiola in Harfangs zone.
1:34 of 2nd period - Snap shot by Mattias Tedenby.
1:34 of 2nd period - Stopped by Robin Lehner without a rebound.
1:35 of 2nd period - Adam Henrique wins face-off versus Petri Kontiola in Harfangs zone.
1:38 of 2nd period - Snap shot by Alex Picard.
1:38 of 2nd period - Goal by Alex Picard - Harfangs : 2 - Tamiflu : 2.
1:39 of 2nd period - Adam Henrique wins face-off versus Petri Kontiola in neutral zone.
1:48 of 2nd period - Wrist shot by Alex Picard.
1:48 of 2nd period - Deflect By Adam Henrique.
1:48 of 2nd period - Stopped by Robin Lehner with a rebound.
1:50 of 2nd period - Wrist shot by Jonathan Sigalet.
1:50 of 2nd period - Deflect By Chris Kreider.
1:50 of 2nd period - Stopped by Robin Lehner with a rebound.
1:52 of 2nd period - Snap shot by Adam Henrique.
1:52 of 2nd period - Shot Misses the Net.
1:54 of 2nd period - Snap shot by Adam Henrique.
1:54 of 2nd period - Shot Misses the Net.
2:11 of 2nd period - Jonathan Sigalet is hit by James Wisniewski and loses puck.
2:20 of 2nd period - Jonathan Sigalet is hit by Alex Killorn and loses puck.
2:33 of 2nd period - Slapshot by Nathan Oystrick.
2:33 of 2nd period - Deflect By Rich Clune.
2:33 of 2nd period - Shot Misses the Net.
2:33 of 2nd period - Puck is out of play.
2:34 of 2nd period - Casey Wellman wins face-off versus Craig Smith in Harfangs zone.
2:39 of 2nd period - Snap shot by Mattias Tedenby.
2:39 of 2nd period - Shot Blocked by Brett Carson.
2:41 of 2nd period - Slapshot by Casey Wellman.
2:41 of 2nd period - Shot Misses the Net.
2:43 of 2nd period - Wrist shot by Casey Wellman.
2:43 of 2nd period - Shot Blocked by Victor Bartley.
2:45 of 2nd period - Wrist shot by Jordan Hendry.
2:45 of 2nd period - Deflect By Rich Clune.
2:45 of 2nd period - Stopped by Robin Lehner without a rebound.
2:46 of 2nd period - Petri Kontiola wins face-off versus Adam Henrique in Harfangs zone.
2:51 of 2nd period - Alex Picard is hit by Alexandre Picard and loses puck.
3:52 of 2nd period - Icing by Roman Wick.
3:53 of 2nd period - Philippe Dupuis wins face-off versus Drew Shore in Harfangs zone.
4:24 of 2nd period - Slapshot by Jonathan Sigalet.
4:24 of 2nd period - Stopped by Robin Lehner without a rebound.
4:25 of 2nd period - Adam Henrique wins face-off versus Stefan Ruzicka in Harfangs zone.
4:34 of 2nd period - Wrist shot by Stefan Ruzicka.
4:34 of 2nd period - Shot Misses the Net.
4:39 of 2nd period - Off-side.
4:40 of 2nd period - Michal Repik wins face-off versus Colin Greening in neutral zone.
4:47 of 2nd period - Wrist shot by Alex Killorn.
4:47 of 2nd period - Stopped by Mike McKenna with a rebound.
5:25 of 2nd period - Wrist shot by Casey Wellman.
5:25 of 2nd period - Stopped by Robin Lehner with a rebound.
5:27 of 2nd period - Wrist shot by Casey Wellman.
5:27 of 2nd period - Goal by Casey Wellman - Harfangs : 2 - Tamiflu : 3.
5:28 of 2nd period - Adam Henrique wins face-off versus Petri Kontiola in neutral zone.
5:34 of 2nd period - Snap shot by Petr Pohl.
5:34 of 2nd period - Deflect By Adam Henrique.
5:34 of 2nd period - Shot Blocked by James Wisniewski.
5:34 of 2nd period - Puck is out of play.
5:35 of 2nd period - Petri Kontiola wins face-off versus Adam Henrique in Harfangs zone.
5:35 of 2nd period - Petri Kontiola is hit by Petr Pohl.
6:24 of 2nd period - Off-side.
6:25 of 2nd period - Craig Smith wins face-off versus Casey Wellman in neutral zone.
6:34 of 2nd period - Slapshot by Jordan Hendry.
6:34 of 2nd period - Shot Blocked by Victor Bartley.
7:01 of 2nd period - Snap shot by Roman Wick.
7:01 of 2nd period - Shot Misses the Net.
7:03 of 2nd period - Wrist shot by Tomas Tatar.
7:03 of 2nd period - Stopped by Mike McKenna with a rebound.
7:05 of 2nd period - Snap shot by Victor Bartley.
7:05 of 2nd period - Shot Blocked by Philip Samuelsson.
7:07 of 2nd period - Slapshot by Brett Carson.
7:07 of 2nd period - Deflect By Philip Samuelsson.
7:07 of 2nd period - Stopped by Mike McKenna with a rebound.
7:09 of 2nd period - Snap shot by Craig Smith.
7:09 of 2nd period - Shot Blocked by Kyle Lawson.
7:11 of 2nd period - Slapshot by Tomas Tatar.
7:11 of 2nd period - Shot Misses the Net.
7:21 of 2nd period - Wrist shot by Craig Smith.
7:21 of 2nd period - Shot Blocked by Casey Wellman.
7:23 of 2nd period - Backhand shot by Victor Bartley.
7:23 of 2nd period - Deflect By Tomas Tatar.
7:23 of 2nd period - Stopped by Mike McKenna with a rebound.
7:25 of 2nd period - Slapshot by Victor Bartley.
7:25 of 2nd period - Stopped by Mike McKenna without a rebound.
7:26 of 2nd period - Adam Henrique wins face-off versus Petri Kontiola in Tamiflu zone.
7:37 of 2nd period - Slapshot by Petr Pohl.
7:37 of 2nd period - Stopped by Robin Lehner without a rebound.
7:38 of 2nd period - Adam Henrique wins face-off versus Petri Kontiola in Harfangs zone.
7:39 of 2nd period - Wrist shot by Alex Picard.
7:39 of 2nd period - Stopped by Robin Lehner without a rebound.
7:40 of 2nd period - Alex Picard wins face-off versus Petri Kontiola in Harfangs zone.
7:43 of 2nd period - Slapshot by Adam Henrique.
7:43 of 2nd period - Shot Misses the Net.
7:50 of 2nd period - Off-side.
7:51 of 2nd period - Petri Kontiola wins face-off versus Alex Picard in neutral zone.
8:16 of 2nd period - Petri Kontiola is hit by Philippe Dupuis and loses puck.
8:27 of 2nd period - Wrist shot by Ben Hanowski.
8:27 of 2nd period - Deflect By Philippe Dupuis.
8:27 of 2nd period - Stopped by Robin Lehner with a rebound.
8:56 of 2nd period - Johan Fransson is hit by Peter Olvecky and loses puck.
9:21 of 2nd period - Snap shot by James Wisniewski.
9:21 of 2nd period - Deflect By Dustin Jeffrey.
9:21 of 2nd period - Shot Blocked by Jordan Hendry.
9:21 of 2nd period - Puck is out of play.
9:22 of 2nd period - Adam Henrique wins face-off versus Drew Shore in Tamiflu zone.
9:27 of 2nd period - Brian Lashoff is hit by Petr Pohl and loses puck.
9:38 of 2nd period - Slapshot by Alex Picard.
9:38 of 2nd period - Shot Blocked by Brian Lashoff.
10:14 of 2nd period - Slapshot by Dustin Jeffrey.
10:14 of 2nd period - Stopped by Mike McKenna with a rebound.
10:32 of 2nd period - Alex Picard is hit by Mike Hoffman and loses puck.
10:41 of 2nd period - Sasha Pokulok is hit by Nathan Oystrick and loses puck.
11:19 of 2nd period - Wrist shot by Jonathan Sigalet.
11:19 of 2nd period - Stopped by Robin Lehner with a rebound.
11:21 of 2nd period - Snap shot by Jonathan Sigalet.
11:21 of 2nd period - Stopped by Robin Lehner with a rebound.
11:23 of 2nd period - Slapshot by Jonathan Sigalet.
11:23 of 2nd period - Stopped by Robin Lehner without a rebound.
11:24 of 2nd period - Alex Killorn wins face-off versus Colin Greening in Harfangs zone.
11:33 of 2nd period - Snap shot by Colin Greening.
11:33 of 2nd period - Deflect By Michal Repik.
11:33 of 2nd period - Shot Blocked by Victor Bartley.
11:33 of 2nd period - Puck is out of play.
11:34 of 2nd period - Alex Killorn wins face-off versus Colin Greening in Harfangs zone.
11:41 of 2nd period - Johan Fransson is hit by Peter Olvecky.
11:59 of 2nd period - Snap shot by Alex Killorn.
11:59 of 2nd period - Shot Blocked by Johan Fransson.
12:01 of 2nd period - Wrist shot by Alex Killorn.
12:01 of 2nd period - Shot Misses the Net.
12:03 of 2nd period - Slapshot by Victor Bartley.
12:03 of 2nd period - Deflect By Michal Repik.
12:03 of 2nd period - Shot Misses the Net.
12:03 of 2nd period - Puck is out of play.
12:04 of 2nd period - Petri Kontiola wins face-off versus Philippe Dupuis in Tamiflu zone.
12:05 of 2nd period - Wrist shot by Stefan Ruzicka.
12:05 of 2nd period - Goal by Stefan Ruzicka - Harfangs : 3 - Tamiflu : 3.
12:06 of 2nd period - Colin Greening wins face-off versus Petri Kontiola in neutral zone.
12:09 of 2nd period - Slapshot by Nathan Oystrick.
12:09 of 2nd period - Shot Hit the Post.
12:11 of 2nd period - Slapshot by Nathan Oystrick.
12:11 of 2nd period - Stopped by Robin Lehner with a rebound.
12:13 of 2nd period - Snap shot by Jan Mursak.
12:13 of 2nd period - Stopped by Robin Lehner with a rebound.
12:42 of 2nd period - Wrist shot by Jonathan Sigalet.
12:42 of 2nd period - Shot Blocked by Alex Killorn.
12:59 of 2nd period - Slapshot by Johan Fransson.
12:59 of 2nd period - Stopped by Robin Lehner without a rebound.
13:00 of 2nd period - Colin Greening wins face-off versus Petri Kontiola in Harfangs zone.
14:03 of 2nd period - Snap shot by Ben Hanowski.
14:03 of 2nd period - Stopped by Robin Lehner with a rebound.
14:15 of 2nd period - Slapshot by Jordan Hendry.
14:15 of 2nd period - Shot Blocked by Brett Carson.
14:25 of 2nd period - Snap shot by Dustin Jeffrey.
14:25 of 2nd period - Stopped by Mike McKenna with a rebound.
14:35 of 2nd period - Johan Fransson is hit by Brian Lashoff and loses puck.
15:18 of 2nd period - Slapshot by Petr Pohl.
15:18 of 2nd period - Shot Blocked by Tomas Tatar.
15:18 of 2nd period - Tomas Tatar from Harfangs is injured at 15:18 of 2nd period (Sprained Left Knee).
15:19 of 2nd period - Petri Kontiola wins face-off versus Colin Greening in Harfangs zone.
15:19 of 2nd period - Petri Kontiola is hit by Nathan Oystrick.
15:32 of 2nd period - Wrist shot by Stefan Ruzicka.
15:32 of 2nd period - Shot Misses the Net.
15:34 of 2nd period - Wrist shot by Petri Kontiola.
15:34 of 2nd period - Shot Blocked by Nathan Oystrick.
16:07 of 2nd period - Backhand shot by Nathan Oystrick.
16:07 of 2nd period - Stopped by Robin Lehner with a rebound.
16:09 of 2nd period - Slapshot by Nathan Oystrick.
16:09 of 2nd period - Stopped by Robin Lehner with a rebound.
16:24 of 2nd period - Minor Penalty to Rich Clune for Hooking.
16:25 of 2nd period - Petri Kontiola wins face-off versus Alex Picard in Tamiflu zone.
17:00 of 2nd period - Snap shot by Michal Repik.
17:00 of 2nd period - Shot Blocked by Adam Henrique.
17:02 of 2nd period - Slapshot by Alexandre Picard.
17:02 of 2nd period - Shot Misses the Net.
18:24 of 2nd period - Penalty to Rich Clune is over, Rich Clune is back on ice.
18:51 of 2nd period - Icing by Jonathan Sigalet.
18:52 of 2nd period - Garrett Wilson wins face-off versus Drew Shore in Tamiflu zone.
18:52 of 2nd period - Garrett Wilson is hit by Mike Hoffman.
18:58 of 2nd period - Victor Bartley is hit by Jonathan Sigalet and loses puck.
19:11 of 2nd period - Minor Penalty to Garrett Wilson for Hooking.
19:12 of 2nd period - Alex Picard wins face-off versus Stefan Ruzicka in Tamiflu zone.
19:12 of 2nd period - Alex Picard is hit by Alexandre Picard.
19:20 of 2nd period - James Wisniewski is hit by Petr Pohl and loses puck.
19:45 of 2nd period - Wrist shot by James Wisniewski.
19:45 of 2nd period - Deflect By Jordan Hendry.
19:45 of 2nd period - Goal by James Wisniewski - Harfangs : 4 - Tamiflu : 3.
19:46 of 2nd period - Petri Kontiola wins face-off versus Adam Henrique in neutral zone.
19:51 of 2nd period - Alexandre Picard is hit by Philip Samuelsson and loses puck.
Goals for this period are 2 for Harfangs vs 2 for Tamiflu.
Shots for this period are 9 for Harfangs vs 21 for Tamiflu.
3rd period
0:01 of 3rd period - Adam Henrique wins face-off versus Petri Kontiola in neutral zone.
0:10 of 3rd period - Snap shot by Chris Kreider.
0:10 of 3rd period - Stopped by Mike McKenna with a rebound.
1:18 of 3rd period - Slapshot by James Wisniewski.
1:18 of 3rd period - Stopped by Mike McKenna with a rebound.
1:42 of 3rd period - Backhand shot by Alex Picard.
1:42 of 3rd period - Stopped by Robin Lehner without a rebound.
1:43 of 3rd period - Adam Henrique wins face-off versus Drew Shore in Harfangs zone.
1:50 of 3rd period - Snap shot by Adam Henrique.
1:50 of 3rd period - Deflect By Petr Pohl.
1:50 of 3rd period - Stopped by Robin Lehner without a rebound.
1:51 of 3rd period - Drew Shore wins face-off versus Colin Greening in Harfangs zone.
1:53 of 3rd period - Minor Penalty to Drew Shore for Tripping.
1:54 of 3rd period - Adam Henrique wins face-off versus Petri Kontiola in Harfangs zone.
2:04 of 3rd period - Wrist shot by Alex Picard.
2:04 of 3rd period - Stopped by Robin Lehner with a rebound.
2:06 of 3rd period - Snap shot by Petr Pohl.
2:06 of 3rd period - Stopped by Robin Lehner with a rebound.
2:08 of 3rd period - Slapshot by Jonathan Sigalet.
2:08 of 3rd period - Shot Misses the Net.
3:53 of 3rd period - Penalty to Drew Shore is over, Drew Shore is back on ice.
4:04 of 3rd period - Snap shot by Dustin Jeffrey.
4:04 of 3rd period - Deflect By Garrett Wilson.
4:04 of 3rd period - Stopped by Mike McKenna without a rebound.
4:05 of 3rd period - Casey Wellman wins face-off versus Drew Shore in Tamiflu zone.
4:17 of 3rd period - Kyle Lawson is hit by James Wisniewski and loses puck.
4:42 of 3rd period - Snap shot by Ben Hanowski.
4:42 of 3rd period - Stopped by Robin Lehner with a rebound.
4:44 of 3rd period - Slapshot by Johan Fransson.
4:44 of 3rd period - Stopped by Robin Lehner with a rebound.
4:46 of 3rd period - Wrist shot by Philippe Dupuis.
4:46 of 3rd period - Goal by Philippe Dupuis - Harfangs : 4 - Tamiflu : 4.
4:47 of 3rd period - Petri Kontiola wins face-off versus Adam Henrique in neutral zone.
5:09 of 3rd period - Icing by Victor Bartley.
5:10 of 3rd period - Jan Mursak wins face-off versus Alex Killorn in Harfangs zone.
5:19 of 3rd period - Slapshot by Mike Duco.
5:19 of 3rd period - Shot Misses the Net.
5:21 of 3rd period - Snap shot by Colin Greening.
5:21 of 3rd period - Stopped by Robin Lehner with a rebound.
5:23 of 3rd period - Snap shot by Jan Mursak.
5:23 of 3rd period - Stopped by Robin Lehner with a rebound.
5:25 of 3rd period - Slapshot by Jan Mursak.
5:25 of 3rd period - Shot Misses the Net.
5:35 of 3rd period - Snap shot by Petri Kontiola.
5:35 of 3rd period - Stopped by Mike McKenna with a rebound.
5:45 of 3rd period - Alex Picard is hit by Petri Kontiola and loses puck.
6:25 of 3rd period - Nathan Oystrick is hit by James Wisniewski and loses puck.
6:46 of 3rd period - Wrist shot by Garrett Wilson.
6:46 of 3rd period - Shot Blocked by James Wisniewski.
6:58 of 3rd period - Snap shot by Dustin Jeffrey.
6:58 of 3rd period - Stopped by Mike McKenna with a rebound.
7:00 of 3rd period - Snap shot by Drew Shore.
7:00 of 3rd period - Stopped by Mike McKenna without a rebound.
7:01 of 3rd period - Petri Kontiola wins face-off versus Adam Henrique in Tamiflu zone.
7:22 of 3rd period - Minor Penalty to Petri Kontiola for Roughing.
7:23 of 3rd period - Adam Henrique wins face-off versus Craig Smith in Harfangs zone.
7:38 of 3rd period - Snap shot by Adam Henrique.
7:38 of 3rd period - Stopped by Robin Lehner with a rebound.
9:22 of 3rd period - Penalty to Petri Kontiola is over, Petri Kontiola is back on ice.
9:51 of 3rd period - Wrist shot by Peter Olvecky.
9:51 of 3rd period - Shot Misses the Net.
9:53 of 3rd period - Wrist shot by Peter Olvecky.
9:53 of 3rd period - Stopped by Mike McKenna without a rebound.
9:54 of 3rd period - Alex Killorn wins face-off versus Mattias Tedenby in Tamiflu zone.
10:17 of 3rd period - Slapshot by Jonathan Sigalet.
10:17 of 3rd period - Shot Blocked by Dustin Jeffrey.
10:24 of 3rd period - Off-side.
10:25 of 3rd period - Peter Olvecky wins face-off versus Colin Greening in neutral zone.
10:25 of 3rd period - Peter Olvecky is hit by Cody Goloubef.
10:29 of 3rd period - Slapshot by Sasha Pokulok.
10:29 of 3rd period - Stopped by Mike McKenna with a rebound.
10:31 of 3rd period - Slapshot by Alex Killorn.
10:31 of 3rd period - Shot Hit the Post.
10:33 of 3rd period - Slapshot by Sasha Pokulok.
10:33 of 3rd period - Shot Blocked by Jan Mursak.
10:35 of 3rd period - Slapshot by Brian Lashoff.
10:35 of 3rd period - Stopped by Mike McKenna without a rebound.
10:36 of 3rd period - Adam Henrique wins face-off versus Petri Kontiola in Tamiflu zone.
10:45 of 3rd period - Wrist shot by Alex Picard.
10:45 of 3rd period - Deflect By Petr Pohl.
10:45 of 3rd period - Stopped by Robin Lehner without a rebound.
10:46 of 3rd period - Adam Henrique wins face-off versus Petri Kontiola in Harfangs zone.
11:11 of 3rd period - Backhand shot by Nathan Oystrick.
11:11 of 3rd period - Deflect By Alexandre Picard.
11:11 of 3rd period - Stopped by Robin Lehner without a rebound.
11:12 of 3rd period - Alex Killorn wins face-off versus Colin Greening in Harfangs zone.
11:28 of 3rd period - Icing by Peter Olvecky.
11:29 of 3rd period - Adam Henrique wins face-off versus Alex Killorn in Harfangs zone.
11:30 of 3rd period - Snap shot by Alex Picard.
11:30 of 3rd period - Shot Blocked by Victor Bartley.
11:32 of 3rd period - Wrist shot by Alex Picard.
11:32 of 3rd period - Stopped by Robin Lehner with a rebound.
11:34 of 3rd period - Wrist shot by Petr Pohl.
11:34 of 3rd period - Stopped by Robin Lehner without a rebound.
11:35 of 3rd period - Adam Henrique wins face-off versus Petri Kontiola in Harfangs zone.
12:25 of 3rd period - Icing by Nathan Oystrick.
12:26 of 3rd period - Casey Wellman wins face-off versus Craig Smith in Tamiflu zone.
12:26 of 3rd period - Casey Wellman is hit by Sasha Pokulok.
12:56 of 3rd period - Slapshot by Mike Duco.
12:56 of 3rd period - Stopped by Robin Lehner without a rebound.
12:57 of 3rd period - Colin Greening wins face-off versus Alex Killorn in Harfangs zone.
13:12 of 3rd period - Slapshot by Jordan Hendry.
13:12 of 3rd period - Shot Blocked by Peter Olvecky.
13:22 of 3rd period - Alex Picard is hit by Victor Bartley and loses puck.
13:32 of 3rd period - Off-side.
13:33 of 3rd period - Colin Greening wins face-off versus Petri Kontiola in neutral zone.
13:47 of 3rd period - Minor Penalty to Mike Duco for Tripping.
13:48 of 3rd period - Petri Kontiola wins face-off versus Alex Picard in Tamiflu zone.
14:00 of 3rd period - Slapshot by Alexandre Picard.
14:00 of 3rd period - Stopped by Mike McKenna without a rebound.
14:01 of 3rd period - Alex Picard wins face-off versus Petri Kontiola in Tamiflu zone.
14:01 of 3rd period - Alex Picard is hit by Chris Kreider.
14:35 of 3rd period - Snap shot by Peter Olvecky.
14:35 of 3rd period - Shot Misses the Net.
15:13 of 3rd period - Chris Kreider is hit by Johan Fransson and loses puck.
15:38 of 3rd period - Alex Picard is hit by James Wisniewski and loses puck.
15:47 of 3rd period - Penalty to Mike Duco is over, Mike Duco is back on ice.
16:07 of 3rd period - Slapshot by Adam Henrique.
16:07 of 3rd period - Shot Misses the Net.
16:38 of 3rd period - Jan Mursak is hit by Chris Kreider and loses puck.
17:44 of 3rd period - Colin Greening is hit by Alexandre Picard and loses puck.
Goals for this period are 0 for Harfangs vs 1 for Tamiflu.
Shots for this period are 10 for Harfangs vs 15 for Tamiflu.
Overtime #1
0:01 of 1st overtime period - Adam Henrique wins face-off versus Petri Kontiola in neutral zone.
0:26 of 1st overtime period - Alexandre Picard is hit by Mike Duco and loses puck.
1:16 of 1st overtime period - Minor Penalty to Drew Shore for Tripping.
1:17 of 1st overtime period - Petri Kontiola wins face-off versus Adam Henrique in Harfangs zone.
1:21 of 1st overtime period - Brett Carson is hit by Jonathan Sigalet and loses puck.
2:09 of 1st overtime period - Alexandre Picard is hit by Jonathan Sigalet and loses puck.
3:16 of 1st overtime period - Penalty to Drew Shore is over, Drew Shore is back on ice.
3:33 of 1st overtime period - Wrist shot by Peter Olvecky.
3:33 of 1st overtime period - Shot Misses the Net.
3:35 of 1st overtime period - Slapshot by Peter Olvecky.
3:35 of 1st overtime period - Stopped by Mike McKenna with a rebound.
3:37 of 1st overtime period - Slapshot by Brian Lashoff.
3:37 of 1st overtime period - Stopped by Mike McKenna with a rebound.
3:39 of 1st overtime period - Snap shot by Brian Lashoff.
3:39 of 1st overtime period - Stopped by Mike McKenna with a rebound.
3:41 of 1st overtime period - Wrist shot by Sasha Pokulok.
3:41 of 1st overtime period - Shot Misses the Net.
3:43 of 1st overtime period - Snap shot by Peter Olvecky.
3:43 of 1st overtime period - Shot Blocked by Nathan Oystrick.
3:55 of 1st overtime period - Mattias Tedenby is hit by Alex Killorn.
3:56 of 1st overtime period - Icing by Mattias Tedenby.
3:57 of 1st overtime period - Mattias Tedenby wins face-off versus Petri Kontiola in Tamiflu zone.
4:14 of 1st overtime period - Snap shot by Ben Hanowski.
4:14 of 1st overtime period - Stopped by Robin Lehner with a rebound.
4:54 of 1st overtime period - Minor Penalty to Jan Mursak for Holding.
4:55 of 1st overtime period - Petri Kontiola wins face-off versus Alex Picard in Tamiflu zone.
5:02 of 1st overtime period - Snap shot by Chris Kreider.
5:02 of 1st overtime period - Shot Misses the Net.
5:04 of 1st overtime period - Wrist shot by Alexandre Picard.
5:04 of 1st overtime period - Shot Misses the Net.
5:10 of 1st overtime period - Wrist shot by Chris Kreider.
5:10 of 1st overtime period - Stopped by Mike McKenna with a rebound.
6:33 of 1st overtime period - Wrist shot by Jordan Hendry.
6:33 of 1st overtime period - Stopped by Robin Lehner with a rebound.
6:54 of 1st overtime period - Penalty to Jan Mursak is over, Jan Mursak is back on ice.
7:17 of 1st overtime period - Snap shot by Ben Hanowski.
7:17 of 1st overtime period - Deflect By Dustin Jeffrey.
7:17 of 1st overtime period - Stopped by Robin Lehner with a rebound.
7:28 of 1st overtime period - Icing by Drew Shore.
7:29 of 1st overtime period - Colin Greening wins face-off versus Craig Smith in Harfangs zone.
7:36 of 1st overtime period - Snap shot by Jan Mursak.
7:36 of 1st overtime period - Stopped by Robin Lehner without a rebound.
7:37 of 1st overtime period - Adam Henrique wins face-off versus Alex Killorn in Harfangs zone.
8:07 of 1st overtime period - Slapshot by Sasha Pokulok.
8:07 of 1st overtime period - Shot Misses the Net.
9:13 of 1st overtime period - Slapshot by Philip Samuelsson.
9:13 of 1st overtime period - Shot Blocked by Chris Kreider.
11:42 of 1st overtime period - Brett Carson is hit by Garrett Wilson and loses puck.
11:58 of 1st overtime period - Icing by Jonathan Sigalet.
11:59 of 1st overtime period - Casey Wellman wins face-off versus Alex Killorn in Tamiflu zone.
11:59 of 1st overtime period - Casey Wellman is hit by Alexandre Picard.
12:31 of 1st overtime period - Wrist shot by Mattias Tedenby.
12:31 of 1st overtime period - Shot Misses the Net.
12:33 of 1st overtime period - Wrist shot by Casey Wellman.
12:33 of 1st overtime period - Shot Misses the Net.
12:35 of 1st overtime period - Snap shot by Nathan Oystrick.
12:35 of 1st overtime period - Deflect By Mattias Tedenby.
12:35 of 1st overtime period - Shot Misses the Net.
12:35 of 1st overtime period - Puck is out of play.
12:36 of 1st overtime period - Adam Henrique wins face-off versus Alex Killorn in Harfangs zone.
13:01 of 1st overtime period - Wrist shot by Chris Kreider.
13:01 of 1st overtime period - Shot Misses the Net.
13:03 of 1st overtime period - Wrist shot by Brian Lashoff.
13:03 of 1st overtime period - Stopped by Mike McKenna with a rebound.
13:19 of 1st overtime period - Snap shot by Craig Smith.
13:19 of 1st overtime period - Stopped by Mike McKenna with a rebound.
13:53 of 1st overtime period - Wrist shot by Jan Mursak.
13:53 of 1st overtime period - Shot Misses the Net.
13:55 of 1st overtime period - Slapshot by Philip Samuelsson.
13:55 of 1st overtime period - Stopped by Robin Lehner with a rebound.
14:02 of 1st overtime period - Minor Penalty to Michal Repik for Interference.
14:03 of 1st overtime period - Adam Henrique wins face-off versus Petri Kontiola in Harfangs zone.
14:06 of 1st overtime period - Minor Penalty to Nathan Oystrick for Holding.
14:07 of 1st overtime period - Alex Picard wins face-off versus Petri Kontiola in Tamiflu zone.
15:02 of 1st overtime period - Snap shot by Alex Killorn.
15:02 of 1st overtime period - Shot Misses the Net.
15:22 of 1st overtime period - Slapshot by Johan Fransson.
15:22 of 1st overtime period - Stopped by Robin Lehner without a rebound.
15:23 of 1st overtime period - Craig Smith wins face-off versus Mattias Tedenby in Harfangs zone.
15:28 of 1st overtime period - Slapshot by James Wisniewski.
15:28 of 1st overtime period - Stopped by Mike McKenna with a rebound.
15:30 of 1st overtime period - Snap shot by Peter Olvecky.
15:30 of 1st overtime period - Shot Misses the Net.
15:44 of 1st overtime period - Wrist shot by Peter Olvecky.
15:44 of 1st overtime period - Stopped by Mike McKenna with a rebound.
15:46 of 1st overtime period - Slapshot by Brett Carson.
15:46 of 1st overtime period - Shot Misses the Net.
15:48 of 1st overtime period - Slapshot by Victor Bartley.
15:48 of 1st overtime period - Deflect By Kyle Lawson.
15:48 of 1st overtime period - Stopped by Mike McKenna with a rebound.
15:50 of 1st overtime period - Snap shot by Craig Smith.
15:50 of 1st overtime period - Shot Misses the Net.
16:02 of 1st overtime period - Penalty to Michal Repik is over, Michal Repik is back on ice.
16:06 of 1st overtime period - Penalty to Nathan Oystrick is over, Nathan Oystrick is back on ice.
16:10 of 1st overtime period - Jonathan Sigalet is hit by Peter Olvecky and loses puck.
16:18 of 1st overtime period - Slapshot by Brett Carson.
16:18 of 1st overtime period - Deflect By Nathan Oystrick.
16:18 of 1st overtime period - Goal by Brett Carson - Harfangs : 5 - Tamiflu : 4.
Goals for this period are 1 for Harfangs vs 0 for Tamiflu.
Shots for this period are 10 for Harfangs vs 6 for Tamiflu.
Output by the SimonT Hockey Simulator (STHS) for François Prévost -- Original Page W3C XHTML 1.0 Valid